Map: Cradle of Death

Players

Smileblind

  • Race: Protoss Protoss
  • League: Silver
  • Spawn Location: 0:00

TuRTLePoWER

  • Race: Protoss Protoss
  • Spawn Location: 0:00

VOD

Have the link to the VOD?

Description

Time

  • Played on: Feb. 10, 2019, 5:21 a.m.
  • Length: 26:14
Show
View Real Time Build Order
Export as new Build Order

Smileblind Protoss 

Build Orders:  

Get SALT Encoding   

  12  0:04  Probe (Chrono Boost)  
  13  0:18  Probe (Chrono Boost)  
  14  0:23  Unknown  
  14  0:33  Pylon  
  14  0:59  Gateway  
  14  1:07  Probe (Chrono Boost)  
  14  1:09  Gateway  
  15  1:21  Probe (Chrono Boost)  
  16  1:35  Probe (Chrono Boost)  
  16  1:36  Assimilator  
  17  1:43  Assimilator  
  17  1:49  Probe (Chrono Boost)  
  18  2:03  Probe (Chrono Boost)  
  18  2:04  Pylon  
  19  2:15  Cybernetics Core  
  19  2:17  Probe (Chrono Boost)  
  20  2:31  Probe (Chrono Boost)  
  21  2:40  Zealot  
  21  2:45  Probe (Chrono Boost)  
  21  2:49  Zealot  
  26  2:58  Probe (Chrono Boost)  
  27  3:12  Probe (Chrono Boost)  
  28  3:25  Stargate  
  28  3:26  Probe (Chrono Boost)  
  29  3:40  Probe (Chrono Boost)  
  29  3:46  Pylon  
  30  3:54  Probe (Chrono Boost)  
  30  3:55  Pylon  
  31  4:10  Probe (Chrono Boost)  
  31  4:12  Dragoon x2  
  36  4:29  Forge  
  36  4:47  Dragoon, Pylon  
  38  4:59  Phoenix  
  40  5:11  Phoenix  
  42  5:24  Pylon  
  42  5:36  Photon Cannon  
  42  6:10  Zealot x2  
  42  6:11  Zealot x2  
  30  6:50  Zealot  
  30  6:51  Zealot x2  
  30  6:52  Zealot  
  38  7:10  Zealot  
  40  7:20  Zealot  
  42  8:03  Pylon  
  42  8:06  Phoenix x2  
  42  8:08  Fleet Beacon  
  46  8:31  Unknown  
  46  8:46  Nexus  
  46  8:50  Pylon  
  46  8:55  Pylon  
  46  9:15  Tempest  
  50  9:35  Zealot  
  52  9:47  Photon Cannon  
  52  9:49  Dragoon  
  54  10:09  Photon Cannon  
  54  10:14  Photon Cannon  
  54  10:31  Dragoon  
  54  10:32  Dragoon  
  58  11:13  Dragoon x3  
  54  12:20  Robotics Facility  
  54  12:34  Zealot x4  
  62  12:42  Probe (Chrono Boost)  
  63  12:51  Robotics Facility  
  63  12:56  Probe (Chrono Boost)  
  62  13:10  Probe (Chrono Boost)  
  62  13:19  Tempest  
  67  13:24  Probe (Chrono Boost)  
  68  13:37  Probe (Chrono Boost)  
  69  13:49  Observer  
  44  14:59  Dragoon x2  
  45  15:00  Dragoon x3  
  45  15:01  Dragoon  
  23  16:46  Dragoon  
  23  16:47  Dragoon x4  
  23  16:48  Dragoon  
  34  16:51  Probe (Chrono Boost)  
  35  17:01  Probe (Chrono Boost)  
  35  17:05  Probe (Chrono Boost)  
  37  17:12  Unknown  
  37  17:15  Photon Cannon, Probe (Chrono Boost)  
  37  17:18  Photon Cannon, Probe (Chrono Boost)  
  39  17:23  Photon Cannon  
  39  17:26  Photon Cannon  
  39  17:29  Probe (Chrono Boost)  
  39  17:32  Probe (Chrono Boost)  
  39  17:35  Pylon  
  41  17:40  Pylon  
  41  17:43  Photon Cannon, Probe (Chrono Boost)  
  41  17:46  Photon Cannon, Probe (Chrono Boost)  
  43  17:57  Probe (Chrono Boost)  
  44  18:00  Probe (Chrono Boost)  
  44  18:08  Pylon  
  45  18:11  Probe (Chrono Boost)  
  45  18:14  Probe (Chrono Boost)  
  47  18:24  Probe (Chrono Boost)  
  47  18:28  Probe (Chrono Boost)  
  49  18:38  Probe (Chrono Boost)  
  50  18:42  Probe (Chrono Boost)  
  51  18:52  Probe (Chrono Boost)  
  51  18:55  Photon Cannon  
  51  18:56  Probe (Chrono Boost)  
  53  19:09  Probe (Chrono Boost)  
  53  19:19  Photon Cannon  
  52  19:22  Photon Cannon  
  52  19:24  Probe (Chrono Boost)  
  53  19:30  Photon Cannon  
  53  19:38  Probe (Chrono Boost)  
  54  19:52  Probe (Chrono Boost)  
  51  20:04  Dragoon x4  
  51  20:06  Probe (Chrono Boost)  
  52  20:25  Probe (Chrono Boost)  
  52  20:28  Observer  
  54  20:37  Tempest  
  54  20:38  Probe (Chrono Boost)  
  59  20:44  Zealot  
  61  20:52  Probe (Chrono Boost)  
  62  21:06  Probe (Chrono Boost)  
  63  21:20  Probe (Chrono Boost)  
  62  22:03  Dragoon  
  62  22:04  Dragoon x3  
  70  22:11  Photon Cannon  
  70  22:12  Photon Cannon  
  70  22:16  Probe (Chrono Boost)  
  70  22:18  Photon Cannon  
  71  22:25  Photon Cannon  
  71  22:30  Probe (Chrono Boost)  
  72  22:44  Probe (Chrono Boost)  
  73  22:58  Probe (Chrono Boost)  
  74  23:12  Probe (Chrono Boost)  
  74  23:33  Dragoon x3  
  80  24:02  Probe (Chrono Boost)  
  81  24:16  Probe (Chrono Boost)  
  82  24:30  Probe (Chrono Boost)  
  83  24:44  Probe (Chrono Boost)  
  84  24:58  Probe (Chrono Boost)  
Show
View Real Time Build Order
Export as new Build Order

TuRTLePoWER Protoss 

Build Orders:  

Get SALT Encoding   

  12  0:08  Probe (Chrono Boost)  
  13  0:21  Unknown  
  13  0:22  Probe (Chrono Boost)  
  13  0:28  Pylon  
  14  0:36  Probe (Chrono Boost)  
  15  0:55  Probe (Chrono Boost)  
  16  1:02  Gateway  
  16  1:08  Assimilator  
  16  1:09  Probe (Chrono Boost)  
  17  1:23  Probe (Chrono Boost)  
  17  1:26  Assimilator  
  18  1:37  Probe (Chrono Boost)  
  18  1:39  Pylon  
  19  1:51  Probe (Chrono Boost)  
  20  2:05  Probe (Chrono Boost)  
  21  2:14  Cybernetics Core  
  21  2:20  Pylon, Probe (Chrono Boost)  
  22  2:34  Probe (Chrono Boost)  
  22  2:37  Gateway  
  23  2:45  Centurion  
  25  3:20  Warp Gate, Twilight Council  
  25  3:25  Stalker  
  29  4:06  Gateway  
  29  4:09  Gateway  
  29  4:12  Gateway  
  29  4:15  Pylon  
  29  4:58  Dark Shrine  
  29  5:04  Forge  
  29  5:27  Shadow Fury  
  29  5:30  Pylon  
  29  5:34  Pylon  
  29  5:52  Protoss Ground Weapons Level 1  
  29  6:01  Dark Templar x2  
  29  6:02  Dark Templar x2  
  37  6:29  Stalker  
  37  6:56  Dark Templar x2  
  41  8:04  Dark Templar  
  41  8:05  Dark Templar x3  
  49  8:29  Unknown  
  49  8:35  Nexus  
  49  8:41  Assimilator  
  49  8:44  Assimilator  
  49  8:50  Pylon  
  49  8:56  Pylon  
  49  9:00  Pylon  
  49  9:23  Dark Templar x2  
  49  9:24  Dark Templar x2  
  49  9:25  Dark Templar  
  57  11:25  Probe (Chrono Boost)  
  58  11:36  Probe (Chrono Boost)  
  58  11:38  Probe (Chrono Boost)  
  60  11:41  Stargate  
  60  11:43  Stargate  
  60  11:49  Gateway  
  60  11:52  Probe (Chrono Boost)  
  60  11:53  Probe (Chrono Boost)  
  60  11:55  Gateway  
  62  12:00  Gateway  
  62  12:04  Gateway  
  62  12:06  Probe (Chrono Boost)  
  64  12:10  Probe (Chrono Boost)  
  64  12:17  Unknown  
  64  12:20  Probe (Chrono Boost)  
  64  12:27  Probe (Chrono Boost)  
  66  12:34  Probe (Chrono Boost)  
  66  12:37  Unknown  
  67  12:44  Probe (Chrono Boost)  
  67  12:48  Probe (Chrono Boost)  
  69  12:51  Fleet Beacon  
  69  12:55  Pylon  
  69  12:59  Pylon  
  70  13:00  Probe (Chrono Boost)  
  70  13:02  Pylon, Probe (Chrono Boost)  
  70  13:07  Pylon  
  71  13:11  Pylon  
  71  13:17  Probe (Chrono Boost)  
  72  13:22  Corsair x2  
  76  13:41  Dark Archon  
  80  13:57  Corsair x2  
  84  14:33  Dark Pylon  
  84  14:34  Disruption Web  
  84  14:37  Dark Templar x3  
  84  14:38  Dark Templar x5  
  84  14:39  Dark Templar  
  100  14:50  Corsair  
  100  14:51  Corsair  
  90  15:25  Corsair  
  90  15:26  Corsair  
  94  15:42  Dark Templar x2  
  94  15:43  Dark Templar  
  94  15:44  Stalker  
  94  15:45  Stalker x2  
  106  15:52  Dark Templar x2  
  106  15:53  Dark Templar  
  104  16:45  Dark Archon  
  104  16:46  Dark Archon  
  112  17:01  Corsair  
  114  17:15  Unknown  
  114  17:44  Corsair x2  
  118  18:18  Corsair  
  118  18:19  Corsair  
  122  18:35  Stalker  
  122  18:36  Stalker x5  
  134  18:41  Dark Templar  
  134  18:42  Dark Templar  
  138  20:00  Unknown  
  138  20:20  Unknown  
  138  20:27  Corsair x2  
  142  20:39  Dark Templar x4  
  150  20:57  Pylon  
  150  21:00  Pylon  
  150  21:03  Pylon  
  150  21:05  Pylon  
  150  21:22  Corsair  
  152  22:19  Dark Pylon  
  152  22:27  Dark Templar x4  
  152  22:28  Dark Templar x5  
Tags
 
Add a new tag
Caveats
  • Supply blocks, unpowered buildings, or Contaminate may cause inaccurate times.
  • Supply counts are checked every 10 seconds.